 Dungeon Crawl Stone Soup version 0.19.4-9-g45fd643 (webtiles) character file.

2227734 shpingle the Shatterer (level 27, 430/430 HPs)
             Began as an Ogre Arcane Marksman on Feb 13, 2017.
             Was the Champion of Dithmenos.
             Escaped with the Orb
             ... and 4 runes on Feb 16, 2017!
             The game lasted 11:33:37 (75678 turns).

shpingle the Shatterer (Ogre Arcane Marksman)      Turns: 75678, Time: 11:33:38

Health: 430/430    AC: 27    Str: 34    XL:     27
Magic:  38/38      EV: 25    Int: 24    God:    Dithmenos [******]
Gold:   487        SH:  0    Dex: 23    Spells: 21 memorised, 7 levels left

rFire  + + +     SeeInvis .     P - +9 giant spiked club (venom)
rCold  + . .     Gourm    .     T - +8 fire dragon scales
rNeg   + . .     Faith    .     (shield currently unavailable)
rPois  +         Spirit   .     (helmet restricted)
rElec  +         Reflect  .     u - +2 cloak {+Inv}
rCorr  +         Harm     .     (gloves unavailable)
MR     +++..     Clarity  +     (boots unavailable)
Stlth  ..........               E - amulet of rage
                                M - ring "Syochuopn" {rElec rF+ rC- rN+ Str+3}
                                k - ring of Autumn {rC++ Str+4 Int+5 Slay+3}

@: mighty, brilliant, agile, berserking, resistant, wreathed by umbra, repel
missiles, very quick
A: unfitting armour, icy blue scales 1, clarity, clever 1, low mp 1, magic
resistance 1, mutation resistance 1, regeneration 1, tough skin 1, weak 1, wild
magic 1
a: Shadow Step, Shadow Form, Renounce Religion, Evoke Berserk Rage, Evoke
Invisibility
0: Orb of Zot
}: 4/15 runes: decaying, serpentine, silver, abyssal


You escaped.
You worshipped Dithmenos.
Dithmenos was exalted by your worship.
You were hungry.

You visited 9 branches of the dungeon, and saw 49 of its levels.
You visited the Abyss 3 times.
You visited 1 ziggurat, and saw 8 of its levels.
You also visited: Sewer.

You collected 6612 gold pieces.
You spent 6125 gold pieces at shops.

Inventory:

Hand Weapons
 b - a +1 blowgun
 P - a +9 giant spiked club of venom (weapon)
Missiles
 c - 60 large rocks (quivered)
 d - 7 throwing nets
 X - 16 curare-tipped needles
Armour
 u - a +2 cloak of invisibility (worn)
 T - +8 fire dragon scales (worn)
Rods
 W - a +3 iron rod (10/10)
   (You found it on level 3 of a ziggurat)
Jewellery
 a - a +4 ring of protection
 k - the ring of Autumn (left hand) {rC++ Str+4 Int+5 Slay+3}
   (You bought it in a shop on level 11 of the Dungeon)

   [ring of slaying]

   It affects your strength (+4).
   It affects your intelligence (+5).
   It affects your accuracy and damage with ranged weapons and melee attacks
   (+3).
   It greatly protects you from cold.
 l - the ring "Kuabecs" {rN+ Int+2 Slay+3}
   (You took it off a deep elf mage on level 3 of the Elven Halls)

   [ring of slaying]

   It affects your intelligence (+2).
   It affects your accuracy and damage with ranged weapons and melee attacks
   (+3).
   It protects you from negative energy.
 m - the ring of Oryfoses {Ice rElec rPois Str+4 SInv}
   (You found it on level 11 of the Dungeon)

   [ring of ice]

   It enhances your ice magic.
   It affects your strength (+4).
   It makes you vulnerable to fire.
   It protects you from cold.
   It insulates you from electricity.
   It protects you from poison.
   It lets you see invisible.
 s - the ring "Kiproz" {*Corrode rN+ MR+ Int+4 SInv}
   (You found it on level 6 of a ziggurat)

   [ring of positive energy]

   It affects your intelligence (+4).
   It protects you from negative energy.
   It affects your resistance to hostile enchantments.
   It lets you see invisible.
   It may corrode you when you take damage.
 E - an amulet of rage (around neck)
 M - the ring "Syochuopn" (right hand) {rElec rF+ rC- rN+ Str+3}
   (You found it on level 2 of the Vaults)

   [ring of strength]

   It affects your strength (+3).
   It protects you from fire.
   It makes you vulnerable to cold.
   It insulates you from electricity.
   It protects you from negative energy.
Wands
 e - a wand of digging (2/24)
 h - a wand of enslavement (8/24)
 o - a wand of acid (9/15)
 p - a wand of paralysis (15/24)
 x - a wand of disintegration (10/24)
 z - a wand of teleportation (7/9)
 A - a wand of iceblast (6/15)
 F - a wand of polymorph (8/24)
 G - a wand of iceblast (7/15)
 K - a wand of lightning (9/15)
 O - a wand of heal wounds (8/9)
 Q - a wand of confusion (33/48)
Scrolls
 n - 2 scrolls of identify
 t - 3 scrolls of fear
 B - 2 scrolls of blinking
 C - 3 scrolls of recharging
 V - 2 scrolls of teleportation
 Y - 2 scrolls of summoning
Potions
 f - a potion of might
 r - 2 potions of heal wounds
 D - a potion of agility
 H - a potion of haste
 I - a potion of cure mutation {!q}
 J - 5 potions of curing
 N - a potion of cancellation
 S - 2 potions of flight
 Z - 2 potions of brilliance
Miscellaneous
 g - a phial of floods
 q - 5 boxes of beasts
 v - 4 phantom mirrors
 w - a fan of gales (inert)
 U - 5 sacks of spiders
Comestibles
 j - 10 beef jerkies
 y - 3 fruits


   Skills:
 - Level 19.0 Fighting
 - Level 24.0 Maces & Flails
 + Level 22.9 Throwing
 - Level 12.7 Armour
 - Level 15.0 Dodging
 - Level 8.5 Stealth
   Level 0.1 Shields
 - Level 15.2 Spellcasting
 - Level 1.0 Conjurations
 - Level 3.0 Hexes
 - Level 7.0 Charms
 - Level 1.0 Summonings
 - Level 3.0 Necromancy
 - Level 6.0 Translocations
 - Level 5.0 Transmutations
 - Level 5.0 Ice Magic
 - Level 1.0 Air Magic
 - Level 7.0 Earth Magic
 - Level 1.0 Poison Magic
 - Level 4.0 Invocations
 - Level 14.0 Evocations


You had 7 spell levels left.
You knew the following spells:

 Your Spells              Type           Power        Failure   Level  Hunger
a - Shroud of Golubria    Chrm/Tloc      ######....   1%          2    None
b - Regeneration          Chrm/Necr      ######....   1%          3    None
c - Portal Projectile     Tloc           ######       1%          3    None
d - Spectral Weapon       Hex/Chrm       ######..     1%          3    None
e - Infusion              Chrm           ####         1%          1    None
f - Statue Form           Tmut/Erth      ######...    17%         6    ####...
g - Freeze                Ice            ####         1%          1    None
h - Slow                  Hex            ######..     1%          2    None
i - Mephitic Cloud        Conj/Pois/Air  #####...     2%          3    None
j - Apportation           Tloc           ######....   1%          1    None
k - Summon Butterflies    Summ           #####...     1%          1    None
l - Corona                Hex            ######.      1%          1    None
m - Song of Slaying       Chrm           ######..     1%          2    None
n - Passwall              Tmut/Erth      ######....   1%          2    None
o - Petrify               Tmut/Erth      ######..     1%          4    None
p - Ice Form              Ice/Tmut       ######..     1%          4    None
q - Corpse Rot            Necr           N/A          1%          2    None
r - Repel Missiles        Chrm/Air       ######       1%          2    None
s - Lesser Beckoning      Tloc           ######....   1%          3    None
t - Swiftness             Chrm/Air       ######..     1%          2    None
z - Animate Skeleton      Necr           N/A          1%          1    None


Dungeon Overview and Level Annotations

Branches:
Dungeon (15/15)            Temple (0/1) D:5            Lair (6/6) D:8
  Swamp (4/4) Lair:2        Snake (4/4) Lair:2        Slime (0/5) Lair:6
    Orc (2/2) D:12            Elf (3/3) Orc:2        Vaults (5/5) D:13
  Crypt (0/3) Vaults:3     Depths (5/5) D:15            Zot (5/5) Depths:5

Altars:
Ashenzari
Dithmenos
Nemelex Xobeh
Sif Muna
Trog
Xom
Yredelemnul
Zin
Beogh
Jiyva

Shops:
D:4 ?   D:11 =   D:12 :   Orc:2 *(*%   Elf:1 =   Elf:3 !   Snake:1 }
Snake:3 =?:*   Vaults:1 }   Vaults:3 [(=*   Depths:2 }=}*   Depths:4 %?

Portals:
Hell: Depths:1 Depths:2 Depths:3 Depths:4 Depths:5
Abyss: Depths:1 Depths:3 Depths:4
Pandemonium: Depths:3 Depths:5

Annotations:
D:2 exclusion: 2 downstairs
Elf:2 3 runed doors
Depths:2 exclusion: downstairs


Innate Abilities, Weirdness & Mutations

You are too large for most types of armour.
You have tough skin. (AC +1)
You are partially covered in icy blue scales. (AC +2)
You possess an exceptional clarity of mind.
Your mind is acute. (Int +2)
Your magical capacity is low. (-10% MP)
You are resistant to hostile enchantments. (MR+)
You are somewhat resistant to further mutation.
Your natural rate of healing is unusually fast.
You are weak. (Str -2)
Your spells are a little harder to cast, but a little more powerful.


Message History

The sixfirhy is lightly wounded.
Your shadow hits the sixfirhy with a giant spiked club!
The sixfirhy misses you. The sixfirhy completely misses you.
You spit the sixfirhy like a pig!!!!
You kill the sixfirhy!
Dithmenos accepts your kill.
There is a staircase leading out of the dungeon here.
You feel agile all of a sudden. The kobold barely misses you.
You feel very mighty all of a sudden. The kobold hits you but does no damage.
You feel protected. The kobold completely misses you.
You feel clever all of a sudden. The kobold closely misses you.
A red film seems to cover your vision as you go berserk!
You feel yourself moving faster!
You feel mighty! The kobold barely misses you.
You feel a strong urge to attack something.
The kobold misses you.
You have escaped!

...(.....█.......................
████.........██..████............
...█....█....███.█ █....███...██
.█.█....█....█ █.█████.█████...██
.█......█K...█ █...█ █...........
........██'███████.█ █...........
.█......██.█.....█.███...........
.........█.█.██....█...██████████
.██....█.█.....K@....█...........
......██+███.█....██.█...........
█████........█.█.....█...........
.............█.███████...........
.████........█...██....█████████.
.████......█.███.██.█...........█
......████.█....................█
.████...██.██..████..............
.█......██.███...█...█...████...█


You could see a kobold.

Vanquished Creatures
  3 orbs of fire (Zot:5)
  A juggernaut (Depths:3)
  2 ancient liches
  A greater mummy (Zig:8)
  Saint Roka (Depths:1)
  A curse toe (Zot:5)
  3 Killer Klowns
  Nikola (Snake:1)
  8 golden dragons
  5 bone dragons
  Jorgrun (Swamp:3)
  3 liches
  8 tentacled monstrosities
  6 electric golems
  2 deep elf master archers (Elf:3)
  5 quicksilver dragons
  21 Orb Guardians (Zot:5)
  4 deep elf blademasters
  Frances (D:13)
  7 titans
  A tentacled starspawn (Abyss:3)
  3 thorn hunters
  3 sphinxes
  An Executioner (Abyss:3)
  8 death cobs
  Roxanne (Elf:1)
  8 tengu reavers
  6 storm dragons
  8 nagarajas
  6 shadow dragons
  An azure jelly (shapeshifter) (Zig:5)
  9 frost giants
  The ghost of Buane the Severer, a journeyman MiBe of Trog (Depths:1)
  11 fire giants
  The ghost of Hood the Unseen, an adept OpAs of Dithmenos (Swamp:4)
  4 ghost moths
  A draconian scorcher (Zot:4)
  4 draconian knights
  16 vault wardens
  8 deep elf sorcerers
  An orc warlord (Orc:2)
  3 cacodemons (Abyss:3)
  4 iron dragons
  A balrug (Zig:6)
  7 draconian zealots
  A curse skull (Vaults:3)
  A deep elf elementalist (Elf:3)
  2 spriggan defenders (Depths:2)
  3 reapers
  3 draconian annihilators
  An entropy weaver (Vaults:4)
  2 war gargoyles (Vaults:5)
  2 draconian callers
  20 stone giants
  19 very ugly things
  A juggernaut skeleton (Depths:2)
  3 vampire knights (Zig:4)
  16 ironheart preservers
  8 deep elf demonologists
  2 black draconians
  6 green draconians
  4 bennus (Depths:3)
  The ghost of asalami the Severer, a journeyman DDFi of Trog (D:15)
  A dire elephant (shapeshifter) (Zig:5)
  3 deep elf annihilators
  6 yellow draconians
  2 dire elephants
  4 white draconians
  5 mottled draconians
  3 spark wasps
  6 purple draconians
  Snorg (D:11)
  4 red draconians
  An eidolon (Vaults:3)
  A green death (Depths:5)
  2 merfolk javelineers
  8 deep elf death magi
  16 ettins
  A mummy priest (Zig:8)
  Josephine (D:12)
  29 yaktaur captains
  6 deep elf high priests
  12 fire dragons
  30 vault guards
  9 great orbs of eyes
  A quicksilver dragon skeleton (Depths:2)
  4 spriggan air magi
  19 ice dragons
  21 hydras
  5 rakshasas
  13 centaur warriors
  11 naga warriors
  4 catoblepae
  11 anacondas
  5 alligators
  3 death knights
  16 ogre magi
  A satyr (Elf:3)
  25 dancing weapons
  A vampire mage (Depths:3)
  5 death yaks (Lair:6)
  11 tengu warriors
  7 deep troll shamans
  10 deep troll earth magi
  5 spriggan berserkers
  5 hell hogs
  A titan zombie (Zig:6)
  25 deep elf knights
  8 shock serpents
  Urug (D:11)
  22 hell knights
  23 large abominations
  2 fire crabs (Swamp:4)
  Sonja (D:11)
  11 spriggans
  13 naga sharpshooters
  An iron troll (shapeshifter) (Zig:5)
  19 skeletal warriors
  5 salamander mystics
  A sixfirhy (D:1)
  A storm dragon skeleton (Depths:2)
  2 wretched stars (Abyss:2)
  6 flayed ghosts
  6 wizards
  2 iron trolls (Depths:5)
  4 spriggan druids
  7 naga ritualists
  5 glowing orange brains
  3 shambling mangroves
  A torturous demonspawn (Depths:5)
  3 unseen horrors
  2 swamp dragons
  A death drake (shapeshifter) (Depths:1)
  22 deep trolls
  Pikel (D:8)
  7 hill giants
  A phantasmal warrior (Vaults:5)
  12 ironbrand convokers
  5 orc sorcerers
  11 orc knights
  6 lindwurms
  35 deep elf archers
  2 mana vipers (shapeshifter)
  8 harpies
  2 orb spiders (Zot:1)
  3 wolf spiders (Vaults:1)
  2 sphinx skeletons (Depths:2)
  12 necromancers
  A frost giant zombie (Vaults:5)
  An iron dragon skeleton (Zig:6)
  9 salamanders
  90 deep elf magi
  9 cyclopes
  A fire giant zombie (Zig:6)
  An orb spider (shapeshifter) (Depths:2)
  A shining eye (shapeshifter) (Zig:5)
  42 ugly things
  A manticore (D:13)
  2 tengu skeletons (Depths:2)
  9 elephants (Lair:6)
  3 worldbinders (Abyss:3)
  20 mana vipers
  2 frost giant skeletons
  2 stone giant skeletons (Depths:2)
  21 moths of wrath
  2 rust devils
  33 black mambas
  2 water nymphs (Abyss:3)
  An eye of devastation (Lair:6)
  14 vault sentinels
  6 fire giant skeletons
  A black mamba (shapeshifter) (Vaults:2)
  4 smoke demons
  8 guardian serpents
  32 naga magi
  10 spiny frogs
  2 orange demons
  3 gargoyles
  A hellion (Depths:5)
  A demonic crawler (Abyss:1)
  2 human skeletons
  An efreet (D:15)
  7 freezing wraiths
  A redback zombie (D:14)
  3 rime drakes
  2 guardian mummies (Zig:8)
  A harpy zombie (D:15)
  6 komodo dragons
  61 yaktaurs
  A spriggan skeleton (Depths:2)
  A tormentor (Zig:6)
  A yaktaur skeleton (Vaults:2)
  25 trolls
  5 ancient zymes
  A golden dragon simulacrum (Depths:2)
  4 red devils (D:13)
  3 jumping spiders (Zot:1)
  A tengu conjurer (Depths:4)
  A polar bear (Lair:6)
  A troll (shapeshifter) (Vaults:3)
  24 hornets
  3 tyrant leeches
  A hornet (shapeshifter) (Elf:3)
  30 two-headed ogres
  6 bog bodies
  A hippogriff (shapeshifter) (Vaults:2)
  A snapping turtle (shapeshifter) (Elf:3)
  78 slime creatures
  15 blink frogs
  A stone giant simulacrum (Vaults:2)
  8 hippogriffs
  10 flying skulls (Depths:2)
  2 ettin skeletons (Depths:2)
  5 shadows
  14 water elementals
  7 redbacks
  4 elf skeletons (Depths:2)
  43 yaks
  2 ushabtiu
  11 wraiths
  A vampire (D:8)
  A tarantella (Zot:1)
  5 basilisks
  A yak (shapeshifter) (Depths:2)
  2 ynoxinuls (Abyss:3)
  7 air elementals
  5 wyverns
  A human (shapeshifter) (Depths:5)
  3 hungry ghosts
  A yaktaur simulacrum (Vaults:2)
  A basilisk (shapeshifter) (Depths:2)
  A golden eye (Abyss:3)
  6 fire elementals
  6 chaos spawn
  7 vampire mosquitoes
  Grum (Lair:1)
  4 wargs
  2 steam dragons
  A harpy simulacrum (D:15)
  6 mottled dragons
  42 nagas
  An insubstantial wisp (Swamp:4)
  The ghost of Bagheara the Bolt Thrower, an amateur KoHu (D:3)
  9 water moccasins
  A merfolk skeleton (Abyss:2)
  21 swamp worms
  A hydra simulacrum (Abyss:3)
  8 porcupines
  18 small abominations
  15 hell hounds
  A floating eye (Depths:4)
  A black bear (Lair:6)
  5 human zombies
  32 orc warriors
  An eye of draining (shapeshifter) (Depths:4)
  6 ice beasts
  A slave (D:8)
  2 elf zombies
  2 swamp drakes
  An eye of draining (D:14)
  66 ogres
  2 sky beasts
  An ettin simulacrum (Vaults:3)
  An ogre (shapeshifter) (Vaults:5)
  A phantom (D:10)
  8 wolves
  13 boggarts
  14 centaurs
  11 crocodiles
  3 big kobolds
  16 bullfrogs
  Blork the orc (D:6)
  A deep troll simulacrum (Vaults:2)
  An earth elemental (Elf:3)
  A wyvern zombie (D:8)
  2 scorpions
  16 killer bees
  3 wights (D:14)
  8 howler monkeys
  3 lava snakes
  7 crimson imps
  2 centaur zombies
  6 jellies
  3 quasits
  4 hounds
  4 centaur skeletons
  2 iron imps
  24 orc priests
  14 orc wizards
  3 bullfrog skeletons
  4 iguanas
  14 worker ants
  2 hell rats (Lair:2)
  4 mummies (Zig:8)
  3 worker ant zombies
  9 gnolls
  10 adders
  A howler monkey skeleton (D:11)
  16 river rats
  4 shadow imps
  3 oozes
  2 adder skeletons
  An adder zombie (D:5)
  2 worms
  2 dart slugs
  4 leopard geckos
  117 orcs
  2 ball pythons (D:4)
  8 giant cockroaches
  5 goblins
  6 hobgoblins
  20 jackals
  13 kobolds
  9 quokkas
  6 bats
  3 frilled lizards
  A jackal skeleton (D:9)
  A jackal zombie (D:6)
  A quokka skeleton (D:4)
  2 quokka zombies
  10 rats
  A bush (Lair:6)
  2 crawling corpses (Elf:3)
  A lurking horror (Abyss:1)
  2 plants
  2 starspawn tentacles (Abyss:3)
2429 creatures vanquished.

Vanquished Creatures (collateral kills)
  Vashnia (Snake:3)
  A bone dragon (Abyss:3)
  A lich (Vaults:5)
  A titan (Vaults:4)
  An Orb Guardian (Zot:5)
  A shadow dragon (Vaults:5)
  2 tengu reavers (Vaults:5)
  A storm dragon (Zot:5)
  A fire giant (Depths:5)
  An iron dragon (Vaults:5)
  A vault warden (Vaults:4)
  A war gargoyle (Vaults:5)
  3 very ugly things
  A stone giant (Depths:4)
  A fire dragon (Swamp:4)
  An ice dragon (Vaults:2)
  4 vault guards
  3 naga warriors
  2 anacondas
  A centaur warrior (Vaults:2)
  A deep troll (Vaults:4)
  A spriggan druid (Swamp:4)
  A swamp dragon (Swamp:4)
  A phantasmal warrior (Vaults:5)
  3 mana vipers
  A deep elf mage (Elf:1)
  An ugly thing (Vaults:4)
  A cyclops (Vaults:2)
  A salamander (Snake:3)
  2 moths of wrath (Zot:1)
  3 naga magi
  4 black mambas
  A spiny frog (Swamp:4)
  A freezing wraith (Vaults:4)
  3 yaktaurs
  An ancient zyme (Abyss:3)
  2 hornets
  A two-headed ogre (Vaults:4)
  4 slime creatures
  2 blink frogs (Swamp:4)
  A redback (Snake:3)
  A large abomination (Abyss:3)
  2 water elementals
  A spriggan simulacrum (Depths:2)
  5 nagas
  2 mottled dragons (Swamp:4)
  A swamp worm (Swamp:4)
  2 swamp drakes (Swamp:4)
  An elf simulacrum (Depths:2)
  3 boggarts
  2 ogres (Vaults:2)
  3 centaurs (Vaults:2)
  A lava snake (Swamp:4)
  A mummy (Zig:8)
  2 crawling corpses (Elf:1)
  A plant (Depths:4)
93 creatures vanquished.

Vanquished Creatures (others)
  A yellow draconian (Zot:5)
  A fire dragon (Swamp:4)
  A hydra (Swamp:4)
  A spriggan berserker (Depths:1)
  A sixfirhy (Zot:5)
  2 swamp dragons (Swamp:4)
  A deep elf mage (Elf:3)
  A black mamba (Snake:3)
  2 steam dragons (Swamp:4)
  A vampire mosquito (Swamp:4)
  A mottled dragon (Swamp:4)
  2 swamp drakes (Swamp:4)
  An ogre (Vaults:5)
  7 fungi
  12 plants
  39 spectral weapons
  3 starspawn tentacles (Abyss:3)
77 creatures vanquished.

Grand Total: 2599 creatures vanquished

Notes
Turn   | Place    | Note
-------+----------+-------------------------------------------
     0 | D:1      | shpingle the Ogre Arcane Marksman began the quest for the Orb.
     0 | D:1      | Reached XP level 1. HP: 19/19 MP: 2/2
    88 | D:1      | Reached skill level 1 in Maces & Flails
   123 | D:1      | Reached XP level 2. HP: 26/27 MP: 1/3
   141 | D:1      | Reached skill level 2 in Maces & Flails
   519 | D:1      | Learned a level 2 spell: Slow
   526 | D:1      | Reached skill level 3 in Maces & Flails
   681 | D:1      | Reached XP level 3. HP: 34/35 MP: 2/4
  1147 | D:2      | Found a shadowy altar of Dithmenos.
  1203 | D:2      | Found a glowing silver altar of Zin.
  1203 | D:2      | Noticed an angel
  1712 | D:2      | Became a worshipper of Dithmenos the Shadowed
  1732 | D:3      | Noticed Bagheara's ghost (amateur KoHu)
  2472 | D:3      | Reached XP level 4. HP: 39/42 MP: 6/6
  2642 | D:3      | Noticed a centaur
  3423 | D:4      | Reached skill level 4 in Maces & Flails
  3523 | D:4      | Found a basalt altar of Yredelemnul.
  3652 | D:4      | Reached XP level 5. HP: 45/50 MP: 8/8
  3697 | D:4      | Found a glowing drain.
  3706 | Sewer    | Entered a sewer
  3724 | Sewer    | Reached skill level 3 in Fighting
  3862 | Sewer    | Noticed a big kobold
  3890 | Sewer    | Killed a big kobold
  3890 | Sewer    | Reached skill level 5 in Maces & Flails
  3890 | Sewer    | Reached XP level 6. HP: 43/62 MP: 9/9
  4030 | Sewer    | Reached * piety under Dithmenos
  4069 | Sewer    | Found a glowing silver altar of Zin.
  4311 | D:4      | Found Guoggog's Magic Scroll Emporium.
  4314 | D:4      | Bought a scroll of teleportation for 36 gold pieces
  4314 | D:4      | Bought a scroll of blinking for 90 gold pieces
  4356 | D:4      | Reached skill level 6 in Maces & Flails
  4891 | D:3      | Killed Bagheara's ghost
  4891 | D:3      | Reached skill level 7 in Maces & Flails
  4891 | D:3      | Reached XP level 7. HP: 67/71 MP: 10/10
  5509 | D:5      | Entered Level 5 of the Dungeon
  5733 | D:5      | Reached skill level 3 in Throwing
  5768 | D:5      | Reached skill level 8 in Maces & Flails
  5802 | D:5      | Found a staircase to the Ecumenical Temple.
  5930 | D:5      | Reached ** piety under Dithmenos
  5976 | D:5      | Got a crude robe
  5987 | D:5      | Identified the cursed +0 robe of Luapoh {Regen+} (You found it on level 5 of the Dungeon)
  6010 | D:5      | Found a bloodstained altar of Trog.
  6112 | D:5      | Found a deep blue altar of Sif Muna.
  6392 | D:5      | Reached XP level 8. HP: 83/83 MP: 11/11
  6662 | D:6      | Reached skill level 6 in Fighting
  6881 | D:6      | Noticed Blork the orc
  6904 | D:6      | Killed Blork the orc
  7008 | D:6      | Reached skill level 9 in Maces & Flails
  8421 | D:6      | Reached skill level 10 in Maces & Flails
  8532 | D:7      | Found a shattered altar of Ashenzari.
  8742 | D:7      | Gained mutation: You are somewhat resistant to further mutation. [potion of mutation]
  8908 | D:7      | Noticed a shadow
  8945 | D:7      | Killed a shadow
  8945 | D:7      | Reached skill level 11 in Maces & Flails
  8945 | D:7      | Reached XP level 9. HP: 7/93 MP: 12/12
  9615 | D:8      | Noticed a troll
  9771 | D:7      | Reached skill level 12 in Maces & Flails
 10166 | D:8      | Reached skill level 3 in Stealth
 10218 | D:8      | Found a staircase to the Lair.
 10298 | D:8      | Found a sparkling altar of Nemelex Xobeh.
 10321 | Lair:1   | Entered Level 1 of the Lair of Beasts
 10328 | Lair:1   | Learned a level 3 spell: Ozocubu's Armour
 10330 | Lair:1   | Learned a level 1 spell: Freeze
 10343 | Lair:1   | Noticed a spiny frog
 10374 | Lair:1   | Killed a spiny frog
 10993 | D:7      | Reached *** piety under Dithmenos
 11068 | D:7      | Reached skill level 3 in Spellcasting
 11282 | D:8      | Killed a troll
 11282 | D:8      | Reached skill level 13 in Maces & Flails
 11282 | D:8      | Reached XP level 10. HP: 69/102 MP: 13/15
 11736 | D:8      | Gained mutation: You can translocate small distances at will. [mutagenic meat]
 12008 | D:8      | Noticed Pikel
 12024 | D:8      | Killed Pikel
 12774 | D:9      | Reached skill level 3 in Ice Magic
 12865 | D:9      | Reached skill level 14 in Maces & Flails
 12895 | D:9      | Reached skill level 3 in Charms
 13067 | D:9      | Reached **** piety under Dithmenos
 13451 | D:9      | Reached XP level 11. HP: 54/111 MP: 10/19
 13578 | D:9      | Reached skill level 6 in Spellcasting
 13897 | Lair:1   | Reached skill level 15 in Maces & Flails
 14090 | Lair:1   | Noticed an eight-headed hydra
 14100 | Lair:1   | Killed an eight-headed hydra
 14100 | Lair:1   | Reached skill level 3 in Hexes
 14288 | Lair:1   | Noticed Grum
 14305 | Lair:1   | Killed Grum
 14349 | Lair:1   | Reached skill level 9 in Fighting
 14495 | Lair:1   | Learned a level 1 spell: Infusion
 14498 | Lair:1   | Learned a level 2 spell: Song of Slaying
 14502 | Lair:1   | Learned a level 3 spell: Spectral Weapon
 14506 | Lair:1   | Learned a level 3 spell: Regeneration
 14944 | Lair:2   | Reached skill level 16 in Maces & Flails
 15000 | Lair:2   | Reached ***** piety under Dithmenos
 15293 | Lair:2   | Found a staircase to the Snake Pit.
 15359 | Lair:2   | Found a staircase to the Swamp.
 16182 | Lair:3   | Noticed a four-headed hydra
 16189 | Lair:3   | Killed a four-headed hydra
 16189 | Lair:3   | Reached XP level 12. HP: 105/126 MP: 17/22
 17296 | Lair:5   | Noticed a six-headed hydra
 17300 | Lair:5   | Killed a six-headed hydra
 17326 | Lair:5   | Reached skill level 17 in Maces & Flails
 18133 | Lair:6   | Entered Level 6 of the Lair of Beasts
 18246 | Lair:6   | Reached skill level 3 in Necromancy
 18632 | Lair:6   | Reached skill level 18 in Maces & Flails
 18699 | Lair:6   | Noticed a seven-headed hydra
 18706 | Lair:6   | Killed a seven-headed hydra
 18706 | Lair:6   | Reached skill level 3 in Dodging
 18886 | Lair:6   | Reached XP level 13. HP: 127/137 MP: 21/23
 19154 | Lair:6   | Reached skill level 3 in Invocations
 19774 | Lair:6   | Found a viscous altar of Jiyva.
 19774 | Lair:6   | Found a staircase to the Slime Pits.
 20056 | Lair:6   | Reached skill level 6 in Dodging
 20056 | Lair:6   | Reached skill level 3 in Evocations
 20096 | Lair:6   | Got a pitted morningstar
 20097 | Lair:6   | Identified the cursed +1 morningstar "Diabiytt" {speed, rElec rN+} (You found it on level 6 of the Lair of Beasts)
 20364 | Lair:3   | Gained mutation: You are dopey. (Int -2) [potion of mutation]
 20751 | D:10     | Entered Level 10 of the Dungeon
 20785 | D:10     | Got a faintly glowing flail
 20786 | D:10     | Identified the +7 flail of Law {crush, Dex+4} (You found it on level 10 of the Dungeon)
 21494 | D:11     | Noticed Urug
 21513 | D:11     | Killed Urug
 21570 | D:11     | Identified a scroll of acquirement
 21572 | D:11     | Got a smoking robe
 21583 | D:11     | Identified the +1 robe of Ellac {rC+ Int+5 Dex-4 SInv} (You acquired it on level 11 of the Dungeon)
 21732 | D:11     | Reached ****** piety under Dithmenos
 21743 | D:11     | Got a slimy iron ring
 21745 | D:11     | Identified the ring of Oryfoses {Ice rElec rPois Str+4 SInv} (You found it on level 11 of the Dungeon)
 21823 | D:11     | Found Gajualoe's Jewellery Boutique.
 22164 | D:11     | Noticed Sonja
 22166 | D:11     | Noticed Snorg
 22350 | D:11     | Cast into level 1 of the Abyss (Sonja)
 22449 | Abyss:1  | Got a steaming amber ring
 22451 | Abyss:1  | Identified the ring "Ipsorghu Pake" {+Fly rC+ Stlth+} (You found it on level 1 of the Abyss)
 22627 | Abyss:1  | Found a corrupted altar of Lugonu.
 22638 | Abyss:1  | Noticed a bone dragon
 22668 | Abyss:1  | Killed a bone dragon
 22668 | Abyss:1  | Reached XP level 14. HP: 71/146 MP: 2/26
 22680 | Abyss:1  | Noticed a cacodemon
 22721 | D:11     | Escaped the Abyss
 22725 | D:11     | Killed Sonja
 22725 | D:11     | Reached skill level 9 in Spellcasting
 22758 | D:11     | Killed Snorg
 23165 | D:12     | Found a staircase to the Orcish Mines.
 23568 | D:12     | Gained mutation: You are partially covered in icy blue scales. (AC +2) [potion of mutation]
 23680 | D:12     | Found Bepicrum's Book Shoppe.
 23718 | D:12     | Got an iridescent halberd
 23873 | D:13     | Noticed Josephine
 23894 | D:12     | Killed Josephine
 24660 | D:13     | Reached skill level 6 in Stealth
 24664 | D:13     | Gained mutation: Your natural rate of healing is unusually fast. [mutagenic meat]
 24665 | D:13     | Lost mutation: Your natural rate of healing is unusually fast. [mutagenic meat]
 24722 | D:13     | Gained mutation: You possess an exceptional clarity of mind. [mutagenic meat]
 24816 | D:13     | Noticed Frances
 24858 | D:13     | Killed Frances
 24979 | D:13     | Found a gate to the Vaults.
 25268 | D:14     | Reached skill level 9 in Dodging
 25731 | D:14     | Identified the +9 halberd of Ala Bed {freeze, rPois} (You found it on level 12 of the Dungeon)
 25745 | D:14     | Found a shimmering altar of Xom.
 25950 | D:15     | Entered Level 15 of the Dungeon
 26286 | D:15     | Noticed asalami's ghost (journeyman DDFi)
 26298 | D:15     | Killed asalami's ghost
 26298 | D:15     | Reached XP level 15. HP: 140/154 MP: 22/28
 26479 | D:15     | Found a staircase to the Depths.
 26690 | D:15     | Noticed a fire giant
 26702 | D:15     | Killed a fire giant
 26880 | D:15     | Reached skill level 12 in Fighting
 27838 | Orc:1    | Entered Level 1 of the Orcish Mines
 28118 | Orc:2    | Entered Level 2 of the Orcish Mines
 28146 | Orc:2    | Found a roughly hewn altar of Beogh.
 28189 | Orc:1    | Paralysed by an orc sorcerer for 2 turns
 28580 | Orc:2    | Noticed an orc warlord
 28612 | Orc:2    | Killed an orc warlord
 28834 | Orc:2    | Found Myco's Weapon Boutique.
 28835 | Orc:2    | Found Deysaih's Food Shop.
 28835 | Orc:2    | Found Paprac's General Store.
 28911 | Orc:2    | Reached skill level 6 in Throwing
 29135 | Orc:2    | Found Ziodgh's General Store.
 29144 | Orc:2    | Bought 5 curare-tipped needles for 48 gold pieces
 29288 | Orc:2    | Found a staircase to the Elven Halls.
 29390 | Orc:2    | Bought 3 needles of sleeping for 21 gold pieces
 29431 | Orc:2    | Bought a scroll of blinking for 105 gold pieces
 29431 | Orc:2    | Bought a scroll of holy word for 105 gold pieces
 29431 | Orc:2    | Bought a potion of brilliance for 56 gold pieces
 29557 | D:11     | Bought the ring of Autumn {rC++ Str+4 Int+5 Slay+3} for 1326 gold pieces
 29724 | D:4      | Bought a scroll of acquirement for 624 gold pieces
 29724 | D:4      | Bought a scroll of identify for 24 gold pieces
 30124 | Swamp:1  | Entered Level 1 of the Swamp
 30145 | Swamp:1  | Reached skill level 3 in Armour
 30339 | D:12     | Bought a book of Cantrips for 240 gold pieces
 30341 | D:12     | Learned a level 1 spell: Animate Skeleton
 30343 | D:12     | Learned a level 1 spell: Apportation
 30343 | D:12     | Upgraded the game from 0.19.4-8-ga85b6b9 to 0.19.4-9-g45fd643
 30566 | Swamp:1  | Reached skill level 6 in Charms
 30576 | Swamp:1  | Noticed a thorn hunter
 30592 | Swamp:1  | Killed a thorn hunter
 30592 | Swamp:1  | Reached XP level 16. HP: 85/170 MP: 8/30
 30815 | Swamp:1  | Learned a level 3 spell: Mephitic Cloud
 30961 | Swamp:1  | Paralysed by a hornet for 2 turns
 31204 | Swamp:1  | Identified Sif Muna's Papyrus of Harmful Creation
 31210 | Swamp:1  | Learned a level 3 spell: Call Canine Familiar
 32245 | Swamp:2  | Noticed a thorn hunter
 32255 | Swamp:2  | Killed a thorn hunter
 32255 | Swamp:2  | Reached skill level 14 in Fighting
 33359 | Swamp:3  | Noticed Jorgrun
 33373 | Swamp:3  | Killed Jorgrun
 33459 | Swamp:4  | Entered Level 4 of the Swamp
 33553 | Swamp:4  | Noticed Hood's ghost (adept OpAs)
 33571 | Swamp:4  | Killed Hood's ghost
 33719 | Swamp:4  | Identified the Grimoire of Augmentations and Shape Shifting
 34188 | Swamp:4  | Reached skill level 6 in Armour
 34467 | Swamp:4  | Got a decaying rune of Zot
 34484 | Swamp:4  | Reached skill level 9 in Throwing
 34506 | Swamp:4  | Reached XP level 17. HP: 130/184 MP: 18/31
 35131 | D:8      | Learned a level 2 spell: Shroud of Golubria
 35294 | Vaults:1 | Entered Level 1 of the Vaults
 35349 | Vaults:1 | Found Optuoh's Gadget Shop.
 35539 | Vaults:1 | Gained mutation: Your magical capacity is low. (-10% MP) [mutagenic meat]
 36674 | Vaults:1 | Paralysed by a great orb of eyes for 6 turns
 37127 | Vaults:1 | Cast into level 3 of the Abyss (a deep elf sorcerer)
 37193 | Abyss:3  | Noticed a bone dragon
 37195 | Abyss:3  | Noticed an Executioner
 37204 | Abyss:3  | Killed a bone dragon
 37216 | Abyss:3  | Killed an Executioner
 37226 | Abyss:3  | Reached skill level 16 in Fighting
 37248 | Abyss:3  | Reached XP level 18. HP: 62/196 MP: 3/29
 37251 | Abyss:3  | Noticed a bone dragon
 37271 | Abyss:3  | Killed a bone dragon
 37313 | Abyss:3  | Noticed a bone dragon
 37329 | Vaults:1 | Escaped the Abyss
 37531 | Vaults:1 | Bought a wand of enslavement (10/24) for 144 gold pieces
 37531 | Vaults:1 | Bought a wand of paralysis (10/24) for 144 gold pieces
 37840 | Vaults:2 | Got a clouded wooden ring
 37842 | Vaults:2 | Identified the ring "Syochuopn" {rElec rF+ rC- rN+ Str+3} (You found it on level 2 of the Vaults)
 37904 | Vaults:2 | Lost mutation: You are dopey. (Int -2) [mutagenic meat]
 37965 | Vaults:2 | Learned a level 6 spell: Deflect Missiles
 38083 | Vaults:2 | Reached skill level 19 in Maces & Flails
 39701 | Snake:1  | Entered Level 1 of the Snake Pit
 39718 | Snake:1  | Noticed Nikola
 39724 | Snake:1  | Killed Nikola
 39820 | Snake:1  | Reached skill level 9 in Armour
 40013 | Snake:1  | Found Jihes's Gadget Shop.
 40397 | Snake:2  | Reached XP level 19. HP: 196/209 MP: 21/30
 40533 | Snake:2  | Reached skill level 20 in Maces & Flails
 41810 | Snake:3  | Noticed Vashnia
 42183 | Snake:3  | HP: 9/209 [Vashnia/bolt (7)]
 42193 | Snake:3  | Killed Vashnia
 42841 | Snake:3  | Found Less's Book Boutique.
 42841 | Snake:3  | Found Mumpum's Magic Scroll Shop.
 42842 | Snake:3  | Found Liphinoi's General Store.
 42846 | Snake:3  | Found Utillao's Jewellery Shop.
 42855 | Snake:3  | Bought a scroll of enchant weapon for 90 gold pieces
 42855 | Snake:3  | Bought a scroll of enchant weapon for 90 gold pieces
 43226 | Vaults:3 | Found Kamymeam's Jewellery Boutique.
 43271 | Vaults:3 | Reached skill level 21 in Maces & Flails
 43376 | Vaults:3 | Found Diryp's General Store.
 43917 | Vaults:3 | Found Qetosch's Antique Armour Emporium.
 44309 | Vaults:3 | Found Qiymuc's Antique Weapon Emporium.
 44317 | Vaults:3 | Reached skill level 22 in Maces & Flails
 44344 | Vaults:3 | Found a staircase to the Crypt.
 44538 | Vaults:4 | Got an ancient robe
 44549 | Vaults:4 | Identified the cursed +0 robe of the Six Tales {Stlth+} (You found it on level 4 of the Vaults)
 44587 | Vaults:4 | Reached XP level 20. HP: 212/218 MP: 28/31
 45376 | Vaults:4 | Reached skill level 23 in Maces & Flails
 46398 | Snake:4  | Entered Level 4 of the Snake Pit
 46466 | Snake:4  | Reached skill level 24 in Maces & Flails
 47964 | Snake:4  | Reached skill level 12 in Spellcasting
 48059 | Snake:4  | Reached XP level 21. HP: 193/228 MP: 31/33
 48250 | Snake:4  | Reached skill level 18 in Fighting
 48280 | Snake:4  | Got a serpentine rune of Zot
 48772 | Depths:1 | Entered Level 1 of the Depths
 48789 | Depths:1 | Noticed Buane's ghost (journeyman MiBe)
 49452 | Depths:1 | Killed Buane's ghost
 49590 | Depths:1 | Found a one-way gate to the infinite horrors of the Abyss.
 49643 | Depths:1 | Found a huge runed gate.
 49643 | Depths:1 | Found a huge runed gate.
 49643 | Depths:1 | Found a huge runed gate.
 49643 | Depths:1 | Found a huge runed gate.
 49643 | Depths:1 | Found a huge runed gate.
 49644 | Depths:1 | Found a huge runed gate.
 49644 | Depths:1 | Found a huge runed gate.
 49644 | Depths:1 | Found a huge runed gate.
 49645 | Depths:1 | Found a huge runed gate.
 49647 | Depths:1 | Noticed Saint Roka
 49655 | Depths:1 | Killed Saint Roka
 49667 | Depths:1 | Found a huge runed gate.
 49667 | Depths:1 | Found a huge runed gate.
 49706 | Depths:1 | Was placed under penance by Dithmenos
 49711 | Depths:1 | Found a huge runed gate.
 49711 | Depths:1 | Found a huge runed gate.
 49711 | Depths:1 | Found a huge runed gate.
 49739 | Depths:1 | Was forgiven by Dithmenos
 49880 | Depths:1 | Found a gateway to Hell.
 49891 | Depths:1 | Learned a level 2 spell: Passwall
 49916 | Depths:1 | Found a huge runed gate.
 49923 | Depths:1 | Found a huge runed gate.
 49923 | Depths:1 | Found a huge runed gate.
 49923 | Depths:1 | Found a huge runed gate.
 49923 | Depths:1 | Found a huge runed gate.
 49923 | Depths:1 | Found a huge runed gate.
 49923 | Depths:1 | Found a huge runed gate.
 49923 | Depths:1 | Found a huge runed gate.
 49924 | Depths:1 | Found a huge runed gate.
 49925 | Depths:1 | Found a huge runed gate.
 49934 | Depths:1 | Found a huge runed gate.
 49934 | Depths:1 | Found a huge runed gate.
 49934 | Depths:1 | Found a huge runed gate.
 49934 | Depths:1 | Found a huge runed gate.
 49934 | Depths:1 | Found a huge runed gate.
 50052 | Depths:1 | Gained mutation: Your natural rate of healing is unusually fast. [mutagenic meat]
 50383 | Depths:1 | Noticed a golden dragon
 50422 | Depths:1 | HP: 6/231 [spriggan air mage/the air (16)]
 51040 | Snake:1  | Bought a wand of confusion (33/48) for 419 gold pieces
 51273 | Elf:1    | Entered Level 1 of the Elven Halls
 51273 | Elf:1    | Found Ciul's Jewellery Shop.
 51344 | Elf:1    | Reached skill level 12 in Throwing
 51569 | Elf:1    | Got an ancient wooden ring
 51571 | Elf:1    | Identified the ring of the Jackalope {MP+9 Int+2} (You found it on level 1 of the Elven Halls)
 51729 | Elf:1    | Noticed Roxanne
 51738 | Elf:1    | Killed Roxanne
 51747 | Elf:1    | Identified Roxanne's Almanac of Transmutation (You took it off Roxanne on level 1 of the Elven Halls)
 52050 | D:4      | Bought a scroll of acquirement for 624 gold pieces
 52234 | Snake:3  | Bought a scroll of enchant armour for 90 gold pieces
 53761 | Elf:2    | Reached skill level 3 in Transmutations
 53810 | Elf:2    | Found a runed gate.
 53810 | Elf:2    | Found a runed gate.
 53811 | Elf:2    | Reached XP level 22. HP: 237/241 MP: 35/35
 53820 | Elf:2    | Found a runed gate.
 53906 | Elf:2    | Reached skill level 3 in Earth Magic
 54516 | Snake:3  | Bought a scroll of enchant armour for 127 gold pieces
 54617 | D:8      | Learned a level 6 spell: Statue Form
 54622 | D:8      | Learned a level 4 spell: Petrify
 54627 | D:8      | Learned a level 4 spell: Ice Form
 55050 | Depths:1 | Got a wizard robe
 55083 | Depths:1 | Killed a golden dragon
 55333 | Depths:2 | Found Xivueqy's Pet Rocks.
 55472 | Depths:1 | Identified the +1 quarterstaff of Incongruity {elec, rC- Str+9 Int-2} (You found it on level 1 of the Depths)
 55473 | Depths:1 | Identified the +1 robe of Weghig {rN+ Slay+3} (You found it on level 1 of the Depths)
 55591 | Depths:2 | Reached skill level 14 in Throwing
 56255 | Depths:2 | Found Upema's Gadget Emporium.
 56255 | Depths:2 | Found Buler's Jewellery Shop.
 56268 | Depths:2 | Found Qinug's Gadget Emporium.
 56554 | Depths:2 | Reached XP level 23. HP: 244/252 MP: 32/36
 56604 | Depths:2 | Identified the +5 hand axe of Nisseg {flame, Fragile Str+7} (You found it on level 2 of the Depths)
 56630 | Depths:2 | Reached skill level 6 in Earth Magic
 56674 | Depths:2 | Learned a level 2 spell: Corpse Rot
 56928 | Depths:3 | Noticed a golden dragon
 56947 | Depths:3 | Killed a golden dragon
 56958 | Depths:3 | Noticed a juggernaut
 56972 | Depths:3 | Killed a juggernaut
 56972 | Depths:3 | Reached skill level 16 in Throwing
 57143 | Depths:3 | Paralysed by a wizard for 3 turns
 57439 | Depths:3 | Found a gateway to a ziggurat.
 57472 | Depths:3 | Found a one-way gate leading to the halls of Pandemonium.
 57511 | Depths:3 | Lost mutation: You can translocate small distances at will. [mutagenic meat]
 58510 | Depths:4 | Gained mutation: Your spells are a little harder to cast, but a little more powerful. [mutagenic meat]
 58517 | Depths:4 | Gained mutation: Your mind is acute. (Int +2) [mutagenic meat]
 58684 | Depths:4 | Found Onanaity's Food Emporium.
 58688 | Depths:4 | Found Hexitwau's Magic Scroll Emporium.
 58731 | Depths:4 | Bought a scroll of enchant armour for 90 gold pieces
 58984 | Depths:5 | Entered Level 5 of the Depths
 58984 | Depths:5 | Noticed a golden dragon
 58989 | Depths:5 | Killed a golden dragon
 58999 | Depths:5 | Reached skill level 14 in Spellcasting
 59013 | Depths:5 | Reached skill level 6 in Evocations
 59388 | D:8      | Learned a level 2 spell: Repel Missiles
 59605 | Elf:1    | Found Ciul's Jewellery Shop.
 60386 | Elf:2    | Found a runed gate.
 60386 | Elf:2    | Found a runed gate.
 60388 | Elf:2    | Found a runed gate.
 60543 | Elf:2    | Reached XP level 24. HP: 261/261 MP: 36/36
 61609 | Depths:5 | Found a gate to the Realm of Zot.
 62029 | Depths:5 | Reached skill level 12 in Dodging
 62869 | Zig:1    | Entered Level 1 of a ziggurat
 62883 | Zig:2    | Entered Level 2 of a ziggurat
 62918 | Zig:3    | Entered Level 3 of a ziggurat
 62953 | Zig:4    | Entered Level 4 of a ziggurat
 62963 | Zig:4    | Paralysed by a vampire knight for 2 turns
 63109 | Zig:5    | Entered Level 5 of a ziggurat
 63221 | Zig:6    | Entered Level 6 of a ziggurat
 63253 | Zig:6    | Reached skill level 9 in Evocations
 63264 | Zig:6    | Got a heavily runed glass ring
 63265 | Zig:6    | Identified the ring "Kiproz" {*Corrode rN+ MR+ Int+4 SInv} (You found it on level 6 of a ziggurat)
 63274 | Zig:6    | Identified the ring of Lojiniag {*Tele +Fly MP+9 Str+4} (You found it on level 6 of a ziggurat)
 63290 | Zig:6    | Got an ivory fustibalus
 63292 | Zig:6    | Identified the +1 fustibalus "Fioh" {velocity, Stlth+} (You found it on level 6 of a ziggurat)
 63296 | Zig:7    | Entered Level 7 of a ziggurat
 63463 | Zig:7    | Got a scintillating golden ring
 63464 | Zig:7    | Identified the cursed ring "Qazytzo" {rF- rC+++ MR+++ EV-3 Int-2} (You found it on level 7 of a ziggurat)
 63707 | Zig:8    | Entered Level 8 of a ziggurat
 63715 | Zig:8    | Noticed a greater mummy
 63721 | Zig:8    | Noticed a greater mummy
 63723 | Zig:8    | Killed a greater mummy
 63735 | Zig:8    | HP: 16/391 [something (20)]
 63737 | Depths:3 | HP: 4/261 [poisoned by a reaper]
 65247 | Elf:2    | Reached XP level 25. HP: 269/269 MP: 26/36
 65305 | Elf:3    | Entered Level 3 of the Elven Halls
 65382 | Elf:3    | Reached skill level 3 in Translocations
 65630 | Elf:3    | Found Xomiagaf's Distillery.
 65634 | Elf:3    | Bought a potion of heal wounds for 80 gold pieces
 65682 | Elf:3    | Cast into level 2 of the Abyss (a deep elf sorcerer)
 65987 | Abyss:3  | Reached skill level 14 in Dodging
 66051 | Abyss:3  | Got an abyssal rune of Zot
 66060 | Elf:3    | Escaped the Abyss
 66657 | Elf:3    | Got a brightly glowing platinum ring
 66663 | Elf:3    | Identified the ring "Kuabecs" {rN+ Int+2 Slay+3} (You took it off a deep elf mage on level 3 of the Elven Halls)
 66702 | Elf:3    | Identified the Tome of the Traveller
 66707 | Elf:3    | Learned a level 3 spell: Lesser Beckoning
 66855 | Elf:3    | Identified the Guide on the Snowflakes and Ignition
 67341 | Vaults:5 | Entered Level 5 of the Vaults
 67788 | Vaults:5 | Reached skill level 12 in Evocations
 67810 | Vaults:5 | Identified the Catalogue of Ashen Displacement
 67957 | Vaults:5 | Paralysed by a lich for 2 turns
 68038 | Vaults:5 | Reached XP level 26. HP: 255/279 MP: 36/36
 68889 | Vaults:5 | Reached skill level 12 in Armour
 69280 | Vaults:4 | Reached skill level 18 in Throwing
 70166 | Vaults:5 | Identified the Collected Works on the Vitriolic Escort
 70355 | Vaults:5 | Identified Ahublusu's Incunabulum of Burning Enhancements
 70372 | Vaults:5 | Got a silver rune of Zot
 70868 | D:8      | Learned a level 3 spell: Portal Projectile
 70871 | D:8      | Learned a level 2 spell: Swiftness
 70874 | D:8      | Learned a level 1 spell: Summon Butterflies
 70953 | Snake:3  | Bought a potion of haste for 170 gold pieces
 71025 | Snake:1  | Bought a box of beasts for 320 gold pieces
 71025 | Snake:1  | Bought a phantom mirror for 480 gold pieces
 71420 | Depths:2 | Bought a sack of spiders for 420 gold pieces
 72179 | Depths:4 | Bought a scroll of teleportation for 36 gold pieces
 72179 | Depths:4 | Bought a scroll of blinking for 90 gold pieces
 72179 | Depths:4 | Bought a scroll of teleportation for 36 gold pieces
 72297 | Zot:1    | Entered Level 1 of the Realm of Zot
 72333 | Zot:1    | Reached XP level 27. HP: 224/287 MP: 36/36
 72456 | Zot:1    | Reached skill level 14 in Evocations
 72789 | Zot:1    | Gained mutation: You are resistant to hostile enchantments. (MR+) [potion of beneficial mutation]
 73038 | Zot:1    | Reached skill level 6 in Translocations
 73496 | Zot:4    | Noticed an ancient lich
 73499 | Zot:4    | Killed an ancient lich
 73688 | Zot:5    | Entered Level 5 of the Realm of Zot
 73753 | Zot:4    | Reached skill level 20 in Throwing
 74416 | Zot:5    | Noticed an ancient lich
 74421 | Zot:5    | Killed an ancient lich
 74438 | Zot:5    | Noticed an orb of fire
 74446 | Zot:5    | Killed an orb of fire
 74654 | Zot:5    | Noticed an orb of fire
 74659 | Zot:5    | Killed an orb of fire
 74728 | Zot:5    | Noticed an orb of fire
 74736 | Zot:5    | Killed an orb of fire
 74823 | Zot:5    | Reached skill level 22 in Throwing
 74983 | Zot:5    | Got the Orb of Zot
 75035 | Zot:5    | Noticed an ancient lich
 75333 | Depths:1 | Noticed Hoemm the pandemonium lord
 75341 | Depths:1 | Gained mutation: You are weak. (Str -2) [a cacodemon]
 75678 | D:$      | Escaped with the Orb!

Skill      XL: |  1  2  3  4  5  6  7  8  9 10 11 12 13 14 15 16 17 18 19 20 21 22 23 24 25 26 27 |
---------------+----------------------------------------------------------------------------------+-----
Maces & Flails | 1 3 4 5 7 8 11 13 14 16 18 19 22 24 | 24.0
Dodging        | 2 3 7 9 10 11 13 15 | 15.0
Fighting       | 2 3 4 5 7 8 10 11 13 15 16 17 18 19 | 19.0
Spellcasting   | 2 3 5 7 8 9 10 11 12 13 14 15 | 15.2
Throwing       | 3 6 9 10 11 12 15 17 18 22 | 22.9
Stealth        | 2 3 5 7 8 |  8.5
Charms         | 1 3 4 5 6 7 |  7.0
Ice Magic      | 1 3 5 |  5.0
Hexes          | 3 |  3.0
Necromancy     | 3 |  3.0
Invocations    | 2 4 |  4.0
Evocations     | 1 4 5 6 9 12 13 14 | 14.0
Armour         | 3 6 7 9 11 12 | 12.7
Conjurations   | 1 |  1.0
Summonings     | 1 |  1.0
Poison Magic   | 1 |  1.0
Air Magic      | 1 |  1.0
Translocations | 1 2 4 6 |  6.0
Transmutations | 3 5 |  5.0
Earth Magic    | 2 5 7 |  7.0
Shields        | |  0.1

Action                   |  1- 3 |  4- 6 |  7- 9 | 10-12 | 13-15 | 16-18 | 19-21 | 22-24 | 25-27 || total
-------------------------+-------+-------+-------+-------+-------+-------+-------+-------+-------++-------
Melee: Club              |    57 |       |       |       |       |       |       |       |       ||    57
       Unarmed           |     3 |       |       |       |       |       |       |       |       ||     3
       Mace              |   100 |   183 |   506 |    16 |       |       |       |       |       ||   805
       Giant spiked club |       |       |    36 |    49 |       |    66 |  1040 |  1086 |   991 ||  3268
       Whip              |       |       |       |    94 |       |       |       |       |       ||    94
       Giant club        |       |       |       |   418 |  1000 |   906 |       |       |       ||  2324
 Fire: Blowgun           |       |     6 |    45 |       |       |       |       |       |       ||    51
Throw: Large rock        |     3 |     5 |       |     5 |    10 |    48 |   174 |   131 |   299 ||   675
       Stone             |    20 |    31 |    68 |   107 |     7 |       |       |       |       ||   233
       Tomahawk          |       |       |       |    15 |     6 |    26 |       |       |       ||    47
       Throwing net      |       |       |       |     1 |       |       |       |       |     1 ||     2
       Javelin           |       |       |       |       |    16 |       |       |       |       ||    16
 Cast: Corona            |    31 |    29 |    88 |   104 |    12 |     2 |       |       |       ||   266
       Slow              |     3 |     5 |    15 |     4 |     5 |       |       |       |       ||    32
       Ozocubu's Armour  |       |       |       |    76 |   105 |   117 |   145 |    10 |       ||   453
       Regeneration      |       |       |       |     7 |    40 |    79 |    97 |    93 |   112 ||   428
       Infusion          |       |       |       |     6 |    10 |     3 |       |       |       ||    19
       Song of Slaying   |       |       |       |     3 |     6 |     6 |     7 |    15 |     2 ||    39
       Spectral Weapon   |       |       |       |       |    35 |    21 |    35 |    32 |    20 ||   143
       Animate Skeleton  |       |       |       |       |       |    95 |   160 |   112 |    81 ||   448
       Freeze            |       |       |       |       |       |     3 |     4 |       |       ||     7
       Shroud of Golubri |       |       |       |       |       |     3 |    14 |    23 |    70 ||   110
       Call Canine Famil |       |       |       |       |       |       |     4 |       |       ||     4
       Mephitic Cloud    |       |       |       |       |       |       |     1 |       |       ||     1
       Petrify           |       |       |       |       |       |       |       |     2 |       ||     2
       Repel Missiles    |       |       |       |       |       |       |       |     4 |    14 ||    18
       Apportation       |       |       |       |       |       |       |       |       |    13 ||    13
       Portal Projectile |       |       |       |       |       |       |       |       |     1 ||     1
       Summon Butterflie |       |       |       |       |       |       |       |       |     1 ||     1
       Passwall          |       |       |       |       |       |       |       |       |     1 ||     1
       Swiftness         |       |       |       |       |       |       |       |       |     1 ||     1
Invok: Shadow Step       |       |       |       |       |     1 |       |       |       |       ||     1
 Abil: Stop Singing      |       |       |       |     1 |       |       |     1 |     1 |       ||     3
       Blink             |       |       |       |       |       |       |    11 |       |       ||    11
       Evoke Invisibilit |       |       |       |       |       |       |       |     5 |     3 ||     8
       Evoke Berserk Rag |       |       |       |       |       |       |       |     3 |       ||     3
       Turn Visible      |       |       |       |       |       |       |       |     1 |     2 ||     3
Evoke: Wand              |       |       |     1 |       |     5 |    15 |     5 |    14 |    27 ||    67
       Fan of gales      |       |       |       |       |     1 |     1 |       |       |     2 ||     4
       Phial of floods   |       |       |       |       |     1 |     1 |       |       |     1 ||     3
       Box of beasts     |       |       |       |       |       |     1 |       |     1 |     1 ||     3
       Phantom mirror    |       |       |       |       |       |       |       |     2 |       ||     2
  Use: Scroll            |     3 |     6 |     7 |    15 |    17 |    14 |    25 |    30 |    22 ||   139
       Potion            |     1 |     3 |    10 |       |    17 |    18 |    11 |     2 |    13 ||    75
 Stab: Sleeping          |       |       |     4 |     9 |    28 |    29 |    39 |    16 |    15 ||   140
       Distracted        |       |       |       |       |     6 |    13 |    20 |    18 |    14 ||    71
       Petrified         |       |       |       |       |     5 |       |       |     1 |       ||     6
       Invisible         |       |       |       |       |     2 |     7 |       |    12 |     6 ||    27
       Confused          |       |       |       |       |       |       |     1 |       |       ||     1
       Petrifying        |       |       |       |       |       |       |       |     1 |       ||     1
  Eat: Chunk             |     6 |    10 |    22 |    30 |    43 |    55 |    23 |    34 |    14 ||   237
       Meat ration       |       |       |     1 |     1 |     1 |       |     2 |       |     1 ||     6
       Fruit             |       |       |       |     5 |     4 |       |    18 |       |     6 ||    33
       Pizza             |       |       |       |       |     4 |     3 |     1 |       |     2 ||    10
       Beef jerky        |       |       |       |       |       |     1 |     3 |       |     3 ||     7
       Bread ration      |       |       |       |       |       |       |     2 |     2 |     2 ||     6
       Royal jelly       |       |       |       |       |       |       |       |     4 |     1 ||     5
Armor: Robe              |    52 |    84 |   170 |   153 |   146 |     6 |       |       |       ||   611
       Skin              |       |       |    18 |       |     3 |       |     6 |       |       ||    27
       Troll leather arm |       |       |       |       |    77 |    93 |       |       |       ||   170
       Steam dragon scal |       |       |       |       |       |   202 |   251 |    13 |       ||   466
       Fire dragon scale |       |       |       |       |       |     1 |       |   499 |   455 ||   955
Dodge: Dodged            |    89 |   118 |   302 |   244 |   586 |   620 |   717 |   693 |   819 ||  4188
       Deflected         |       |       |       |       |       |       |       |     9 |    61 ||    70
